 Dungeon Crawl Stone Soup version 0.21.1-1-g345015f (webtiles) character file.

13275 nicolaieve the Severer (level 11, -11/90 HPs)
             Began as a Minotaur Berserker on June 13, 2018.
             Was a High Priest of Trog.
             Killed from afar by a rakshasa (illusionary) (20 damage)
             ... with an orb of energy
             ... on level 11 of the Dungeon.
             The game lasted 00:46:24 (8350 turns).

nicolaieve the Severer (Minotaur Berserker)         Turns: 8350, Time: 00:46:25

Health: -11/90     AC: 15    Str: 25    XL:     11   Next: 73%
Magic:  10/10      EV: 10    Int:  4    God:    Trog [*****.]
Gold:   587        SH:  0    Dex: 13    Spells: 10/10 levels left

rFire    . . .     SeeInvis .   p - +0 war axe
rCold    + . .     Gourm    .   (no shield)
rNeg     + + .     Faith    .   q - +0 chain mail "Zyagairo" {*Drain rElec rN+ rCorr} (curse)
rPois    .         Spirit   .   (helmet restricted)
rElec    +         Reflect  .   (no cloak)
rCorr    +         Harm     .   w - +0 pair of gloves
MR       ++++.                  u - +0 pair of boots "Senaadgh" {rC+ MR+ Str+3 Stlth-}
Stlth    ..........             g - amulet of magic regeneration
HPRegen  1.25/turn              n - ring of the Mantidfly {+Fly rN+}
MPRegen  0.37/turn              J - ring of protection from magic

@: berserk cooldown, regenerating, slowed, very slow
A: retaliatory headbutt, horns 2
a: Berserk, Trog's Hand, Brothers in Arms, Burn Spellbooks, Renounce Religion,
Evoke Flight


You were on level 11 of the Dungeon.
You worshipped Trog.
Trog was extremely pleased with you.
You were near starving.

You visited 2 branches of the dungeon, and saw 12 of its levels.

You collected 587 gold pieces.

Inventory:

Hand Weapons
 a - a +0 hand axe
 p - a +0 war axe (weapon)
 I - a +0 battleaxe
 M - a +2 vampiric hand axe
Armour
 d - a +0 chain mail
 q - the cursed +0 chain mail "Zyagairo" (worn) {*Drain rElec rN+ rCorr}
   (You found it on level 6 of the Dungeon)

   It insulates you from electricity.
   It protects you from negative energy.
   It protects you from acid and corrosion.
   It causes draining when unequipped.
   It has a curse placed upon it.
 u - the +0 pair of boots "Senaadgh" (worn) {rC+ MR+ Str+3 Stlth-}
   (You found it on level 4 of the Dungeon)

   It affects your strength (+3).
   It protects you from cold.
   It affects your resistance to hostile enchantments.
   It makes you less stealthy.
 w - a +0 pair of gloves (worn)
 Q - a +2 chain mail of cold resistance
Jewellery
 g - an amulet of magic regeneration (around neck)
 l - an uncursed ring of ice
 n - the ring of the Mantidfly (left hand) {+Fly rN+}
   (You found it on level 7 of the Dungeon)

   [ring of flight]

   It protects you from negative energy.
   It lets you fly.
 x - an uncursed ring of resist corrosion
 H - a +3 ring of slaying
 J - a ring of protection from magic (right hand)
 P - an uncursed ring of stealth
Wands
 G - a wand of flame (27)
 L - a wand of paralysis (19)
Scrolls
 b - 6 scrolls of teleportation
 f - a scroll of fog
 i - 3 scrolls of remove curse
 k - 3 scrolls of enchant weapon {unknown}
 m - 5 scrolls of immolation
 o - 4 scrolls of enchant armour {unknown}
 r - a scroll of magic mapping {unknown}
 t - 3 scrolls of noise {unknown}
 v - a scroll of summoning {unknown}
 y - a scroll of amnesia {unknown}
 E - 2 scrolls of identify
 K - 2 scrolls of blinking {unknown}
 N - a scroll of fear {unknown}
 S - a scroll of silence {unknown}
Potions
 e - a potion of lignification
 h - 4 potions of curing
 j - a potion of heal wounds
 s - a potion of haste
 z - 4 potions of brilliance
 B - a potion of flight
 C - a potion of mutation
 D - a potion of cancellation
Books
 A - a book of Misfortune

   Spells                             Type                      Level
   a - Confusing Touch                Hexes                        1
   b - Confuse                        Hexes                        3
   c - Gell's Gravitas                Translocation                3
   d - Petrify                        Transmutation/Earth          4
   e - Metabolic Englaciation         Hexes/Ice                    5
   f - Yara's Violent Unravelling     Hexes/Transmutation          5
   Trog disapproves of the use of such an item.
 F - a book of Changes

   Spells                             Type                      Level
   a - Beastly Appendage              Transmutation                1
   b - Sticks to Snakes               Transmutation                2
   c - Spider Form                    Transmutation/Poison         3
   d - Ice Form                       Ice/Transmutation            4
   e - Blade Hands                    Transmutation                5
   Trog disapproves of the use of such an item.
 R - a book of the Dragon

   Spells                             Type                      Level
   a - Flame Tongue                   Conjuration/Fire             1
   b - Cause Fear                     Hexes                        4
   c - Bolt of Fire                   Conjuration/Fire             6
   d - Dragon Form                    Transmutation                7
   e - Dragon's Call                  Summoning                    9
   Trog disapproves of the use of such an item.
Comestibles
 c - 23 rations
 O - 7 chunks of flesh


   Skills:
 - Level 6.3 Fighting
 + Level 17.6 Axes
 + Level 11.7 Armour
 - Level 2.2 Dodging


You had 10 spell levels left.
You didn't know any spells.

Dungeon Overview and Level Annotations

Branches:
Dungeon (11/15)            Temple (0/1) D:7             Orc (1/2) D:9
   Lair: D:8-11

Altars:
Ashenzari
Okawaru
Sif Muna
Xom

Shops:
D:7 ?   D:8 }%


Innate Abilities, Weirdness & Mutations

You reflexively headbutt those who attack you in melee.
You have a pair of horns on your head.


Message History

You slash the rakshasa!
Unknown command.
You barely miss the rakshasa.
You kill the rakshasa!
You closely miss the rakshasa.
The rakshasa hits you but does no damage.
You closely miss the rakshasa. Your headbutt misses the rakshasa.
The rakshasa is severely wounded.
The rakshasa blinks!
Unknown command.
Unknown command.
You are too berserk!
Unknown command.
You are too berserk!
You are no longer berserk.
You are exhausted.
You feel yourself slow down. The rakshasa gestures at you.
The orb of energy hits you!
You die...

.......................
#.......................
#(......................
#.......................
#.......................
#.............#+##......
#..........(..#.≈###..#.
#>.....§......#.≈≈≈#.###
#>....R@......#...≈### #
#>.........†%.###≈.#.###
#......)..†..(..##'#..#.
#......)...((...........
#......))...............
#............R..........
#.......................
#.......................
#.......................


You could see 2 rakshasas.

Vanquished Creatures
  2 two-headed ogres
  The ghost of Hebeh the Covert, a novice DDFi of Makhleb (D:9)
  A cyclops (D:11)
  A guardian serpent (D:10)
  A centaur skeleton (D:11)
  2 kobold demonologists (D:8)
  A troll (D:10)
  The ghost of Threepwind the Cleaver, an amateur MiBe of Trog (D:7)
  The ghost of Ethylacetat the Slasher, an amateur DsFi of Makhleb (D:5)
  7 hippogriffs
  Sigmund (D:3)
  A wraith (D:10)
  A wyvern (D:8)
  A shadow (D:11)
  A human (D:10)
  4 hogs (D:10)
  9 yaks
  6 orc warriors
  2 phantoms (D:6)
  3 sky beasts
  A hornet zombie (D:8)
  5 ice beasts
  An eye of draining (D:8)
  A black bear (D:8)
  8 ogres
  3 centaurs
  3 big kobolds
  4 bullfrogs
  6 scorpions
  6 killer bees
  A water moccasin skeleton (D:11)
  5 wights (D:7)
  2 howler monkeys (D:5)
  4 crimson imps
  A centaur zombie (D:5)
  A quasit (D:8)
  7 hounds
  5 orc wizards
  7 orc priests
  3 bullfrog skeletons
  Jessica (D:3)
  Terence (D:3)
  3 iguanas
  9 worker ants
  A hound zombie (D:8)
  A hound skeleton (D:6)
  A howler monkey zombie (D:8)
  A howler monkey skeleton (D:5)
  A worker ant zombie (D:6)
  10 adders
  2 shadow imps
  2 oozes
  An adder zombie (D:8)
  4 worms
  A dart slug (D:3)
  3 leopard geckos
  34 orcs
  2 giant cockroaches
  4 goblins
  5 hobgoblins
  6 jackals
  3 quokkas
  A ball python (D:2)
  4 bats
  2 frilled lizards
  16 kobolds
  A quokka skeleton (D:6)
  A quokka zombie (D:6)
  9 rats
251 creatures vanquished.

Notes
Turn   | Place    | Note
-------+----------+-------------------------------------------
     0 | D:1      | nicolaieve the Minotaur Berserker began the quest for the Orb.
     0 | D:1      | Reached XP level 1. HP: 19/19 MP: 0/0
   158 | D:1      | Reached skill level 4 in Axes
   250 | D:1      | Reached XP level 2. HP: 27/27 MP: 1/1
   775 | D:2      | Reached skill level 5 in Axes
   775 | D:2      | Reached XP level 3. HP: 33/33 MP: 2/2
   818 | D:2      | Reached ** piety under Trog
  1196 | D:2      | Reached XP level 4. HP: 38/40 MP: 3/3
  1235 | D:2      | Reached skill level 6 in Axes
  1285 | D:3      | Noticed Jessica
  1287 | D:3      | Noticed Sigmund
  1287 | D:3      | Killed Jessica
  1296 | D:3      | Killed Sigmund
  1296 | D:3      | Reached skill level 8 in Axes
  1296 | D:3      | Reached XP level 5. HP: 46/46 MP: 4/4
  1516 | D:3      | Noticed Terence
  1538 | D:3      | Killed Terence
  1538 | D:3      | Reached XP level 6. HP: 41/52 MP: 5/5
  1882 | D:3      | Found a shimmering altar of Xom.
  1887 | D:3      | Found a shimmering altar of Xom.
  2129 | D:4      | Reached skill level 9 in Axes
  2173 | D:4      | Reached *** piety under Trog
  2377 | D:4      | Got a pair of faintly glowing boots
  2383 | D:4      | Identified the cursed +0 pair of boots "Senaadgh" {rC+ MR+ Str+3 Stlth-} (You found it on level 4 of the Dungeon)
  2472 | D:4      | Reached XP level 7. HP: 58/58 MP: 6/6
  2609 | D:5      | Entered Level 5 of the Dungeon
  2636 | D:5      | Reached skill level 10 in Axes
  2725 | D:5      | Noticed Ethylacetat's ghost (amateur DsFi)
  2732 | D:5      | Reached skill level 11 in Axes
  2736 | D:5      | Killed Ethylacetat's ghost
  2736 | D:5      | Reached XP level 8. HP: 66/66 MP: 7/7
  2747 | D:5      | Found a deep blue altar of Sif Muna.
  3009 | D:5      | Reached skill level 12 in Axes
  3669 | D:6      | Got an encrusted chain mail
  3680 | D:6      | Identified the cursed +0 chain mail "Zyagairo" {*Drain rElec rN+ rCorr} (You found it on level 6 of the Dungeon)
  3748 | D:6      | Reached skill level 13 in Axes
  3823 | D:6      | Reached **** piety under Trog
  3855 | D:6      | Reached skill level 5 in Armour
  3855 | D:6      | Reached XP level 9. HP: 39/71 MP: 8/8
  4214 | D:6      | Found an iron altar of Okawaru.
  4432 | D:7      | Got an ancient lapis lazuli ring
  4434 | D:7      | Identified the ring of the Mantidfly {+Fly rN+} (You found it on level 7 of the Dungeon)
  4633 | D:7      | Found Peggequi's Magic Scroll Boutique.
  4797 | D:7      | Noticed Threepwind's ghost (amateur MiBe)
  4804 | D:7      | Killed Threepwind's ghost
  4804 | D:7      | Reached skill level 14 in Axes
  4929 | D:7      | Found a staircase to the Ecumenical Temple.
  5300 | D:8      | Noticed a kobold demonologist
  5302 | D:8      | Noticed a kobold demonologist
  5408 | D:8      | Noticed a two-headed ogre
  5414 | D:8      | Killed a two-headed ogre
  5414 | D:8      | Reached skill level 15 in Axes
  5414 | D:8      | Reached XP level 10. HP: 66/78 MP: 9/9
  5585 | D:8      | Found Qitt's Gadget Boutique.
  5649 | D:8      | Found Juogam's Food Shop.
  5837 | D:8      | Noticed a rust devil
  5866 | D:8      | Reached skill level 5 in Fighting
  6339 | D:9      | Noticed Hebeh's ghost (novice DDFi)
  6355 | D:9      | Killed Hebeh's ghost
  6357 | D:9      | Reached skill level 16 in Axes
  6418 | D:9      | Found a shattered altar of Ashenzari.
  6587 | D:9      | Reached ***** piety under Trog
  6592 | D:9      | Found a staircase to the Orcish Mines.
  6913 | Orc:1    | Entered Level 1 of the Orcish Mines
  7048 | D:10     | Entered Level 10 of the Dungeon
  7053 | D:10     | Noticed a guardian serpent
  7065 | D:10     | Killed a guardian serpent
  7065 | D:10     | Reached XP level 11. HP: 43/90 MP: 10/10
  7104 | D:10     | Reached skill level 10 in Armour
  7560 | D:10     | Reached skill level 17 in Axes
  7602 | D:10     | Noticed a two-headed ogre
  7610 | D:10     | Killed a two-headed ogre
  8321 | D:11     | Noticed a rakshasa
  8350 | D:11     | Killed from afar by a rakshasa (illusionary)

Skill      XL: |  1  2  3  4  5  6  7  8  9 10 11 |
---------------+----------------------------------+-----
Axes           | 4 5 8 9 11 13 15 16 17 | 17.6
Fighting       | 4 6 |  6.3
Armour         | 5 7 9 11 | 11.7
Dodging        | |  2.2

Action                   |  1- 3 |  4- 6 |  7- 9 | 10-12 || total
-------------------------+-------+-------+-------+-------++-------
Melee: Hand axe          |    70 |   100 |    86 |       ||   256
       Headbutt          |    11 |    20 |    65 |    88 ||   184
       War axe           |       |       |   177 |   366 ||   543
Invok: Berserk           |       |     2 |     5 |    10 ||    17
       Burn Spellbooks   |       |       |     1 |       ||     1
       Trog's Hand       |       |       |       |     3 ||     3
  Use: Scroll            |       |       |     8 |     6 ||    14
       Potion            |       |       |       |     3 ||     3
 Stab: Distracted        |       |       |     1 |       ||     1
  Eat: Chunk             |     1 |     6 |     7 |    11 ||    25
       Ration            |       |       |     2 |     2 ||     4
Armor: Chain mail        |    40 |    37 |    99 |   173 ||   349
Dodge: Dodged            |    30 |    36 |    91 |   161 ||   318
